 Dungeon Crawl Stone Soup version 0.28.0 (webtiles) character file.

Game seed: 14694883389297880121

81 HallandMoats the Ruffian (level 4, -20/40 HPs)
             Began as a Ghoul Monk on Feb 12, 2022.
             Was a Priest of Wu Jian.
             Demolished by an ogre (23 damage)
             ... on level 3 of the Dungeon.
             The game lasted 00:02:05 (2311 turns).

HallandMoats the Ruffian (Ghoul Monk)               Turns: 2311, Time: 00:02:06

Health: -20/40     AC:  3    Str: 16    XL:     4   Next: 40%
Magic:  3/3        EV: 12    Int:  5    God:    Wu Jian [***...]
Gold:   47         SH:  0    Dex: 11    Spells: 3/3 levels left

rFire   + . .      SeeInvis .     - Unarmed
rCold   + . .      Faith    .   (no shield)
rNeg    + + +      Spirit   .   a - +0 robe
rPois   ∞          Reflect  .   (no helmet)
rElec   .          Harm     .   e - +0 cloak
rCorr   +          Rampage  .   (no gloves)
Will    .....                   (no boots)
Stlth   ++........              (no amulet)
HPRegen 0.00/turn               b - ring of protection from fire
MPRegen 0.08/turn               h - ring of resist corrosion

@: inhibited regen
A: claws 1, cold resistance 1, negative energy resistance 3, inhibited
regeneration, torment resistance 2
a: Renounce Religion, Wall Jump, Serpent's Lash


You were on level 3 of the Dungeon.
You worshipped Wu Jian.
Wu Jian was most pleased with you.
You visited 1 branch of the dungeon, and saw 3 of its levels.

You collected 47 gold pieces.

Inventory:

Armour
 a - a +0 robe (worn)
 e - a +0 cloak (worn)
Jewellery
 b - a ring of protection from fire (left claw)
 h - a ring of resist corrosion (right claw)
Scrolls
 c - a scroll of immolation {unknown}
 f - a scroll of enchant weapon {unknown}
 g - a scroll of magic mapping {unknown}
Potions
 d - a potion of brilliance {unknown}


   Skills:
 * Level 4.2 Fighting
 + Level 1.0 Armour
 + Level 3.1 Dodging
 - Level 2.1 Stealth
 * Level 4.2 Unarmed Combat


You had 3 spell levels left.
You didn't know any spells.
Your spell library contained the following spells:

 Spells                   Type           Power      Damage    Failure   Level
 Shock                    Conj/Air       0%         1d3       47%         1
 Conjure Flame            Conj/Fire      0%         6-21      85%         3
 Ignite Poison            Fire/Tmut/Pois 0%         N/A       85%         3
 Swiftness                Air            0%         N/A       85%         3
 Airstrike                Air            0%         N/A       99%         4
 Sticky Flame             Conj/Fire      0%         2d3       99%         4


Dungeon Overview and Level Annotations

Branches:
Dungeon (3/15)

Altars:
Wu Jian


Innate Abilities, Weirdness & Mutations

You thrive by killing the living.
You are immune to poison.
You have sharp fingernails.
Your flesh is cold resistant. (rC+)
You are immune to negative energy. (rN+++)
You do not regenerate when monsters are visible.
You are immune to unholy pain and torment.


Message History

The ogre is moderately wounded.
The ogre barely misses you.
You scratch the ogre.
The ogre is heavily wounded.
The ogre hits you with a +0 giant spiked club!
You scratch the ogre.
The ogre is heavily wounded.
You scratch the ogre.
The ogre is heavily wounded.
The ogre hits you with a +0 giant spiked club!!
Ouch! That really hurt!
* * * LOW HITPOINT WARNING * * *
You are too injured to fight recklessly!
You are too injured to fight recklessly!
You are too injured to fight recklessly!
You are too injured to fight recklessly!
You are too injured to fight recklessly!
You are too injured to fight recklessly!
You are too injured to fight recklessly!
You are too injured to fight recklessly!
You are too injured to fight recklessly!
You are too injured to fight recklessly!
You are too injured to fight recklessly!
You are too injured to fight recklessly!
You are too injured to fight recklessly!
You are too injured to fight recklessly!
You are too injured to fight recklessly!
You are too injured to fight recklessly!
You are too injured to fight recklessly!
Unknown command.
You scratch the ogre.
The ogre is severely wounded.
The ogre closely misses you.
You barely miss the ogre.
The ogre is severely wounded.
You scratch the ogre.
The ogre is severely wounded.
The ogre hits you with a +0 giant spiked club!!
Ouch! That really hurt!
You die...

#######
#<..<.#
#.###.# #.#
#.#########
#..@O......
###########


You could see an ogre.

Vanquished Creatures
  Natasha (twice) (D:2)
  A dart slug (D:2)
  A bat (D:1)
  2 endoplasms
  2 giant cockroaches
  2 goblins
  2 hobgoblins (D:1)
  3 jackals (D:2)
  2 quokkas
  3 frilled lizards
  5 kobolds
  4 rats
29 creatures vanquished.

Notes
Turn   | Place    | Note
-------+----------+-------------------------------------------
     0 | D:1      | HallandMoats the Ghoul Monk began the quest for the Orb.
     0 | D:1      | Reached XP level 1. HP: 19/19 MP: 0/0
   424 | D:1      | Reached XP level 2. HP: 20/26 MP: 1/1
   875 | D:1      | You fall into a shaft and drop 1 floor!
  1059 | D:2      | Noticed Natasha
  1069 | D:2      | HP: 1/27 [Natasha (5)]
  1070 | D:2      | Killed Natasha
  1071 | D:2      | Reached XP level 3. HP: 1/33 MP: 2/2
  1617 | D:2      | Found a faded altar of an unknown god.
  1661 | D:2      | Prayed at the altar of an unknown god.
  1661 | D:2      | Became a worshipper of the Wu Jian Council
  1661 | D:2      | Reached * piety under Wu Jian
  1661 | D:2      | Reached ** piety under Wu Jian
  2070 | D:2      | Noticed Natasha
  2080 | D:2      | Killed Natasha
  2081 | D:2      | Reached skill level 1 in Armour
  2081 | D:2      | Reached XP level 4. HP: 27/40 MP: 3/3
  2212 | D:2      | Reached *** piety under Wu Jian
  2300 | D:3      | Noticed an ogre
  2311 | D:3      | Demolished by an ogre

Illustrated notes

Levels and vault maps discovered:
D:1:      lightli_arrival_isolated_outpost, layout_basic
D:2:      layout_basic, chequers_ecumenical_altar_grove, uniq_natasha
D:3:      layout_loops_ring, nicolae_overflow_ecumenical_swirl,
          lemuel_coloured_pillars_altar

Skill      XL: |  1  2  3 |
---------------+----------+-----
Dodging        | 3 |  3.1
Fighting       | 4 |  4.2
Unarmed Combat | 4 |  4.2
Armour         | 1 |  1.0
Stealth        | |  2.1

Action                   |  1- 3 |  4- 6 || total
-------------------------+-------+-------++-------
Melee: Unarmed           |    89 |    10 ||    99
       Punch             |     3 |       ||     3
Invok: Lunge             |     2 |     1 ||     3
 Stab: Sleeping          |     5 |     1 ||     6
Armor: Robe              |     3 |       ||     3
Dodge: Dodged            |    41 |     3 ||    44
